 Dungeon Crawl Stone Soup version 0.31.0-11-ge490571c62 (webtiles) character file.

Game seed: 6798546094422520034

25 qw the Shooter (level 2, -3/14 HPs)
             Began as a Spriggan Hunter on Feb 3, 2024.
             Slain by an iguana (6 damage)
             ... on level 2 of the Dungeon.
             The game lasted 00:00:11 (842 turns).

qw the Shooter (Spriggan Hunter)                     Turns: 842, Time: 00:00:12

Health: -3/14      AC:  2    Str:  7    XL:     2   Next: 82%
Magic:  3/3        EV: 19    Int: 10    God:
Gold:   64         SH:  0    Dex: 18    Spells: 1/1 levels left

rFire   . . .        a - +1 shortbow
rCold   . . .        (shield currently unavailable)
rNeg    . . .        c - +0 robe
rPois   .            (helmet restricted)
rElec   .            (no cloak)
rCorr   .            (gloves unavailable)
SInv    +            (boots unavailable)
Will    +....        (no amulet)
Stlth   ++           n - ring of willpower
HPRegen 0.22/turn    (no ring)
MPRegen 0.08/turn

%: no passive effects
@: very quick
A: very small, no large weapons, unfitting armour, see invisible, speed 3
a: no special abilities


You were on level 2 of the Dungeon.
You visited 1 branch of the dungeon, and saw 2 of its levels.

You collected 64 gold pieces.


Innate Abilities, Weirdness & Mutations

You are very small and have problems with some larger weapons.
You are too small for most types of armour.
You have supernaturally acute eyesight. (SInv)
You cover ground extremely quickly. (Speed+++)


   Skills:
 - Level 1.5 Fighting
 + Level 4.3 Ranged Weapons
 - Level 4.0 Dodging
 - Level 1.5 Stealth


You had one spell level left.
You didn't know any spells.
Your spell library was empty.

Inventory:

Hand Weapons
 a - a +1 shortbow (weapon)
Armour
 c - a +0 robe (worn)
Jewellery
 l - a ring of ice
 n - a ring of willpower (left hand)
Scrolls
 b - a scroll of teleportation {unknown}
 e - a scroll of identify {unknown}
Potions
 d - a potion of enlightenment {unknown}
 f - a potion of cancellation {unknown}
 g - a potion of magic {unknown}
 i - a potion of curing {unknown}
 o - a potion of heal wounds {unknown}

Dungeon Overview and Level Annotations

Branches:
Dungeon (2/15)

Altars:


Message History

The arrow hits the bat!
You kill the bat!
You shoot an arrow. The arrow barely misses the endoplasm.
You shoot an arrow. The arrow hits the endoplasm.
The endoplasm is heavily wounded.
You shoot an arrow. The arrow hits the endoplasm!
You kill the endoplasm!
You see here a bat corpse.
d - a dark potion A goblin comes into view.
It is wielding a +0 dagger.
You shoot an arrow. The arrow completely misses the goblin.
The goblin shouts!
You shoot an arrow. The arrow hits the goblin!
You kill the goblin!
An iguana comes into view.
You shoot an arrow. The iguana hisses angrily.
The arrow hits the iguana!
The iguana is severely wounded.
e - a scroll labelled QOL JUNIGIUB You shoot an arrow.
The arrow completely misses the iguana.
The iguana closely misses you.
You shoot an arrow. The arrow barely misses the iguana.
The iguana completely misses you.
You shoot an arrow. The arrow hits the iguana.
The iguana is almost dead.
The iguana barely misses you.
You shoot an arrow.
The arrow hits the iguana but does no damage.
The iguana is almost dead.
The iguana completely misses you. The iguana misses you.
You shoot an arrow. The arrow closely misses the iguana.
The iguana bites you!
Ouch! That really hurt!
You shoot an arrow. The arrow hits the iguana.
The iguana is almost dead.
The iguana bites you but does no damage.
You shoot an arrow. The arrow barely misses the iguana.
The iguana bites you.
You die...

#. ..# ##'##.#####
......... ....)..
..... ... #l#
###@#######
#.........#
#.........#
#.........#
#.........####
......#.............
......#..........#
.....#..........#
...............#


You could see an iguana.

Vanquished Creatures
  3 endoplasms
  5 goblins
  2 hobgoblins
  3 kobolds (D:1)
  2 quokkas (D:1)
  3 bats
  4 rats (D:1)
22 creatures vanquished.

Notes
Turn   | Place    | Note
-------+----------+-------------------------------------------
     0 | D:1      | qw the Spriggan Hunter began the quest for the Orb.
     0 | D:1      | Reached XP level 1. HP: 10/10 MP: 2/2
     0 | D:1      | 0 ||| qw: Version: 0.3-a-155-g5e7d8dd
     0 | D:1      | 0 ||| qw: Game counter: 3304
     0 | D:1      | 0 ||| qw: Melee chars always use a shield: true
     0 | D:1      | 0 ||| qw: God list: Okawaru
     0 | D:1      | 0 ||| qw: Allow faded altars: false
     0 | D:1      | 0 ||| qw: Do Orc after clearing Dungeon:15 true
     0 | D:1      | 0 ||| qw: Do second Lair branch before Depths: true
     0 | D:1      | 0 ||| qw: Lair rune preference: random
     0 | D:1      | 0 ||| qw: Goals: Normal
     0 | D:1      | 0 ||| PLANNING D:1-11
    90 | D:1      | Reached skill level 3 in Dodging
   224 | D:1      | Reached XP level 2. HP: 14/14 MP: 3/3
   589 | D:1      | 589 ||| UPGRADING to ring of willpower.
   590 | D:1      | 590 ||| READING scroll labelled DATIMP KAGGAM.
   691 | D:1      | 691 ||| READING scroll labelled ESERRUXAFU.
   692 | D:1      | 692 ||| READING scroll labelled APREMP HEYLAIZ.
   692 | D:1      | 692 ||| ENCHANTING +0 shortbow.
   693 | D:1      | 693 ||| READING scroll labelled ATAUWNEUZIPS.
   694 | D:1      | 694 ||| READING scroll labelled LOUPSURUCWIX.
   695 | D:1      | 695 ||| READING scroll labelled DUPSEY DOZAU.
   695 | D:1      | 695 ||| ENCHANTING +1 shortbow.
   696 | D:1      | 696 ||| DROPPING scroll of butterflies.
   840 | D:2      | HP: 2/14 [iguana (12)]
   842 | D:2      | Slain by an iguana

Levels and vault maps discovered:
D:1:      minmay_arrival_semitransparent, layout_loops_ring, minmay_bisected
D:2:      layout_basic, basic_altar, uniq_robin, uniq_sigmund

Skill      XL: |  1  2 |
---------------+-------+-----
Dodging        | 3 4 |  4.0
Fighting       | |  1.5
Ranged Weapons | |  4.3
Stealth        | |  1.5

Action                     || total
---------------------------++-------
   Fire: Shortbow          ||    55
    Use: Scroll            ||     6
 Armour: Robe              ||     3
  Dodge: Dodged            ||    12

Table legend:
 A = Non-vault XP
 B = Vault XP
 C = Vault XP percentage of total XP
 D = Non-vault monster count
 E = Vault monster count
 F = Vault count percentage of total count
                 A         B        C        D         E       F
            +---------+---------+-------+---------+---------+-------
      Total |      27 |       9 |  25.0 |      17 |       5 |  22.7
            +---------+---------+-------+---------+---------+-------
        D:1 |      21 |       9 |  30.0 |      13 |       5 |  27.8
        D:2 |       6 |       0 |   0.0 |       4 |       0 |   0.0
            +---------+---------+-------+---------+---------+-------
